 Dungeon Crawl Stone Soup version 0.19.4-8-ga85b6b9 (console) character file.

17322 Grinner the Covert (level 12, -3/94 HPs)
             Began as a Spriggan Transmuter on Feb 13, 2017.
             Was a High Priest of Makhleb.
             Slain by a minotaur
             ... wielding a +2 rod of shadows (2/12)
              (27 damage)
             ... in a labyrinth.
             The game lasted 00:53:24 (13350 turns).

Grinner the Covert (Spriggan Transmuter)           Turns: 13350, Time: 00:53:25

Health: -3/94      AC: 12    Str: 11    XL:     12   Next: 17%
Magic:  27/27      EV: 19    Int: 15    God:    Makhleb [*****.]
Gold:   1067       SH:  0    Dex: 23    Spells: 9 memorised, 8 levels left

rFire  . . .     SeeInvis +     a - +4 lajatang (speed)
rCold  + . .     Gourm    .     w - +4 troll leather armour
rNeg   . . .     Faith    .     (shield currently unavailable)
rPois  .         Spirit   .     (helmet restricted)
rElec  .         Reflect  .     k - +0 cloak
rCorr  .         Harm     .     (gloves unavailable)
MR     ++...                    (boots unavailable)
Stlth  ..........               x - amulet of rage
                                S - +2 ring of protection
                                b - ring of protection from cold

@: berserking, appendage, very quick
A: unfitting armour, fangs 1, horns 2, iridescent scales 1, thin skeletal
structure 1, see invisible, deformed body, herbivore 3, speed 3, robust 1,
shaggy fur 1, slow metabolism 2
a: End Transformation, Minor Destruction, Lesser Servant of Makhleb, Major
Destruction, Greater Servant of Makhleb, Renounce Religion, Evoke Berserk Rage


You were in a labyrinth.
You worshipped Makhleb.
Makhleb was extremely pleased with you.
You were hungry.
You had grown temporary horns.
You visited 3 branches of the dungeon, and saw 15 of its levels.
You also visited: Labyrinth and Ossuary.

You collected 1067 gold pieces.

Inventory:

Hand Weapons
 a - a +4 lajatang of speed (weapon)
 j - a +1 dagger
 u - a +1 quarterstaff of draining
 Q - a +2 vampiric dagger
Missiles
 g - 310 arrows
Armour
 k - a +0 cloak (worn)
 w - a +4 troll leather armour (worn)
Jewellery
 b - a ring of protection from cold (left hand)
 m - an uncursed amulet of guardian spirit
 x - an amulet of rage (around neck)
 y - an uncursed ring of protection from cold
 H - an uncursed ring of positive energy
 S - a +2 ring of protection (right hand)
 W - an uncursed amulet of magic regeneration
Wands
 h - a wand of slowing (22/48)
 J - a wand of confusion (18/48)
 K - a wand of slowing (15/48)
 N - a wand of acid (0/15)
 O - a wand of lightning (10/15)
 R - a wand of slowing (29/48)
 V - a wand of enslavement (5/24)
Scrolls
 e - 7 scrolls of amnesia
 i - 12 scrolls of remove curse
 o - 6 scrolls of fog
 s - 12 scrolls of teleportation
 B - a scroll of blinking
 C - a scroll of brand weapon
 E - 2 scrolls of immolation
 F - 2 scrolls of identify
 M - a scroll of summoning
 T - a scroll of recharging
 U - a scroll of fear
Potions
 f - 5 potions of flight
 l - 2 potions of haste
 p - 2 potions of curing
 r - a potion of brilliance
 t - 2 potions of heal wounds
 v - a potion of might
 z - 3 potions of agility
 D - a potion of magic
Books
 c - a book of Changes

   Spells                             Type                      Level
   a - Beastly Appendage              Transmutation                1
   b - Sticks to Snakes               Transmutation                2
   c - Spider Form                    Transmutation/Poison         3
   d - Ice Form                       Ice/Transmutation            4
   e - Blade Hands                    Transmutation                5
 n - a book of Misfortune

   Spells                             Type                      Level
   a - Confusing Touch                Hexes                        1
   b - Confuse                        Hexes                        3
   c - Gell's Gravitas                Hexes/Translocation          3
   d - Petrify                        Transmutation/Earth          4
   e - Metabolic Englaciation         Hexes/Ice                    5
   f - Yara's Violent Unravelling     Hexes/Transmutation          5
 A - a book of Maledictions

   Spells                             Type                      Level
   a - Corona                         Hexes                        1
   b - Ensorcelled Hibernation        Hexes/Ice                    2
   c - Confuse                        Hexes                        3
   d - Tukima's Dance                 Hexes                        3
   e - Dazzling Spray                 Conjuration/Hexes            3
 G - a book of Callings

   Spells                             Type                      Level
   a - Summon Small Mammal            Summoning                    1
   b - Call Imp                       Summoning                    2
   c - Call Canine Familiar           Summoning                    3
   d - Summon Guardian Golem          Hexes/Summoning              3
   e - Summon Lightning Spire         Summoning/Air                4
   f - Summon Ice Beast               Ice/Summoning                4
 I - a book of Enchantments

   Spells                             Type                      Level
   a - Cause Fear                     Hexes                        4
   b - Yara's Violent Unravelling     Hexes/Transmutation          5
   c - Silence                        Hexes/Air                    5
   d - Deflect Missiles               Charms/Air                   6
   e - Discord                        Hexes                        8
 L - a book of Minor Magic

   Spells                             Type                      Level
   a - Magic Dart                     Conjuration                  1
   b - Blink                          Translocation                2
   c - Call Imp                       Summoning                    2
   d - Repel Missiles                 Charms/Air                   2
   e - Slow                           Hexes                        2
   f - Conjure Flame                  Conjuration/Fire             3
   g - Mephitic Cloud                 Conjuration/Poison/Air       3
Comestibles
 d - 8 bread rations
 q - a fruit
 P - 3 royal jellies


   Skills:
 - Level 4.0 Fighting
 - Level 2.9 Short Blades
 * Level 9.1 Staves
 - Level 3.4 Dodging
 - Level 11.0 Stealth
 + Level 7.6 Unarmed Combat
 - Level 10.0 Spellcasting
 + Level 1.1 Conjurations
 - Level 4.0 Hexes
 - Level 3.0 Translocations
 + Level 5.5 Transmutations
 - Level 1.0 Fire Magic
 - Level 1.0 Ice Magic
 - Level 1.0 Air Magic
 - Level 1.0 Earth Magic
 - Level 1.0 Poison Magic


You had 8 spell levels left.
You knew the following spells:

 Your Spells              Type           Power        Failure   Level  Hunger
a - Ice Form              Ice/Tmut       ###.....     38%         4    ###....
b - Blink                 Tloc           N/A          6%          2    None
c - Confusing Touch       Hex            ###...       2%          1    None
d - Sticks to Snakes      Tmut           ###.....     1%          2    None
e - Petrify               Tmut/Erth      ###.....     38%         4    ###....
f - Conjure Flame         Conj/Fire      ##......     24%         3    None
s - Spider Form           Tmut/Pois      ###.......   12%         3    None
v - Mephitic Cloud        Conj/Pois/Air  ##......     24%         3    None
z - Beastly Appendage     Tmut           ###...       1%          1    None


Dungeon Overview and Level Annotations

Branches:
Dungeon (13/15)            Temple (1/1) D:5            Lair (1/6) D:9
    Orc (0/2) D:11
 Vaults: D:13-14

Altars:
Ashenzari
Cheibriados
Dithmenos
Elyvilon
Fedhas
Gozag
Hepliaklqana
Kikubaaqudgha
Makhleb
Nemelex Xobeh
Okawaru
Qazlal
Ru
Sif Muna
Trog
Uskayaw
Vehumet
Xom
Yredelemnul
Zin
The Shining One
Lugonu

Shops:
D:11 (   D:12 !

Annotations:
D:6 Buane's ghost, novice HaFi


Innate Abilities, Weirdness & Mutations

You are very small and have problems with some larger weapons.
You are too small for most types of armour.
You have supernaturally acute eyesight. (SInv)
You are a herbivore.
You cover ground extremely quickly.
You need consume almost no food.
You have very sharp teeth.
You have a pair of horns on your head.
You are partially covered in iridescent scales. (AC +2)
You have a somewhat thin skeletal structure. (Dex +2, Stealth)
Armour fits poorly on your strangely shaped body.
You are robust. (+10% HP)
You are covered in fur. (AC +1)


Message History

The minotaur headbutts you, but does no damage.
You headbutt the minotaur!
The minotaur is severely wounded.
The wolf spider zombie barely misses you.
The wolf spider zombie closely misses you.
The minotaur hits you with a rod of shadows!
* * * LOW HITPOINT WARNING * * *
The minotaur barely misses you.
You slash the minotaur! You headbutt the minotaur.
The minotaur is severely wounded.
The tengu warrior hits you but does no damage.
The tengu warrior misses you. The tengu warrior barely misses you.
The jelly completely misses you. The minotaur completely misses you.
The minotaur gores you but does no damage.
You slash the minotaur!
The minotaur is almost dead.
The wolf spider zombie hits you but does no damage.
The wolf spider zombie closely misses you.
The minotaur hits you with a rod of shadows!!
You die...

.# ...# ####
#.# ## #
......
.#.....#
#.##
######.#.###
# . #.. #.#
.## .#
#.####### .
# #.#.....
### #
###Z......#
# ..#
#H@J####..#
# # # #
###Q#..#.# #
# #
..#..#... #
# ## #.# .
#.####..# #
.... .
#.......# .
## ##. .
#.....#.# #.
. . #
..#...#.#
### # ###
.#.### . #


You could see a minotaur, a tengu warrior, a jelly and a wolf spider zombie.

Vanquished Creatures
  3 hill giants
  2 manticores
  A cyclops (D:12)
  An elephant (D:9)
  3 kobold demonologists (D:10)
  A queen bee (D:8)
  2 trolls
  4 two-headed ogres
  8 slime creatures (D:12)
  2 hippogriffs (D:12)
  2 redbacks (Lab)
  A vampire (D:12)
  2 wyverns (D:10)
  21 yaks
  7 hungry ghosts
  A steam dragon (D:12)
  2 basilisks
  Menkaure (D:5)
  2 ice beasts (D:5)
  2 black bears
  3 orc warriors
  3 sky beasts
  A necrophage (D:8)
  3 ogres
  A phantom (D:6)
  4 crocodiles
  5 centaurs
  A big kobold (D:9)
  Blork the orc (D:5)
  An earth elemental (Lab)
  9 bullfrogs
  13 killer bees (D:8)
  3 howler monkeys
  A wight (D:11)
  2 crimson imps (D:5)
  A bullfrog zombie (D:11)
  3 centaur zombies
  2 quasits
  2 jellies
  6 orc priests
  2 centaur skeletons
  6 hounds
  A bullfrog skeleton (D:7)
  4 iguanas
  8 orc wizards
  5 worker ants
  2 big kobold zombies (Ossuary)
  A hound skeleton (D:4)
  2 mummies (Ossuary)
  A worker ant zombie (D:11)
  7 gnolls
  14 adders
  2 oozes
  9 adder zombies
  An adder skeleton (D:4)
  A worm (D:2)
  2 dart slugs
  6 leopard geckos
  38 orcs
  4 bats
  7 giant cockroaches
  3 gnoll zombies (Ossuary)
  4 goblins
  11 hobgoblins
  8 jackals
  17 kobolds
  4 quokkas
  9 frilled lizards
  5 hobgoblin zombies (Ossuary)
  A jackal skeleton (D:5)
  5 kobold zombies (Ossuary)
  2 orc zombies (Ossuary)
  5 rats
330 creatures vanquished.

Vanquished Creatures (collateral kills)
  Ijyb (D:3)
  3 gnolls (D:2)
  An adder (D:4)
5 creatures vanquished.

Grand Total: 335 creatures vanquished

Notes
Turn   | Place    | Note
-------+----------+-------------------------------------------
     0 | D:1      | Grinner the Spriggan Transmuter began the quest for the Orb.
     0 | D:1      | Reached XP level 1. HP: 9/9 MP: 5/5
    92 | D:1      | Reached skill level 1 in Stealth
   176 | D:1      | Reached XP level 2. HP: 12/14 MP: 4/6
   265 | D:1      | Reached skill level 2 in Stealth
   744 | D:1      | Reached skill level 3 in Stealth
  1265 | D:2      | Learned a level 1 spell: Confusing Touch
  1291 | D:2      | Reached XP level 3. HP: 17/17 MP: 6/8
  1419 | D:2      | Learned a level 2 spell: Sticks to Snakes
  1920 | D:2      | Reached skill level 1 in Short Blades
  1920 | D:2      | Reached skill level 4 in Stealth
  1927 | D:2      | Reached XP level 4. HP: 21/21 MP: 5/10
  2613 | D:3      | Reached skill level 5 in Stealth
  2758 | D:3      | Noticed Ijyb
  2766 | D:3      | Reached XP level 5. HP: 25/25 MP: 9/11
  2801 | D:3      | Killed Ijyb
  3325 | D:3      | Reached skill level 6 in Stealth
  3922 | D:4      | Reached XP level 6. HP: 29/29 MP: 10/13
  3953 | D:4      | Found a sand-covered staircase.
  3961 | Ossuary  | Entered an ossuary
  4165 | Ossuary  | Reached skill level 7 in Stealth
  4243 | Ossuary  | Gained mutation: You have a somewhat thin skeletal structure. (Dex +2, Stealth) [potion of mutation]
  4243 | Ossuary  | Gained mutation: Your system is resistant to poisons. (rPois) [potion of mutation]
  4243 | Ossuary  | Gained mutation: You are covered in fur. (AC +1) [potion of mutation]
  4244 | Ossuary  | Gained mutation: You are robust. (+10% HP) [potion of mutation]
  4244 | Ossuary  | Gained mutation: You have very sharp teeth. [potion of mutation]
  4244 | Ossuary  | Gained mutation: You are partially covered in iridescent scales. (AC +2) [potion of mutation]
  4280 | D:4      | Reached skill level 1 in Staves
  4703 | D:4      | Reached XP level 7. HP: 35/35 MP: 15/15
  4711 | D:4      | Reached skill level 5 in Spellcasting
  5034 | D:5      | Entered Level 5 of the Dungeon
  5157 | D:5      | Noticed Blork the orc
  5171 | D:5      | Killed Blork the orc
  5171 | D:5      | Reached skill level 8 in Stealth
  5183 | D:5      | Lost mutation: Your system is resistant to poisons. (rPois) [potion of mutation]
  5183 | D:5      | Gained mutation: Armour fits poorly on your strangely shaped body. [potion of mutation]
  5603 | D:5      | Found a staircase to the Ecumenical Temple.
  5621 | Temple   | Entered the Ecumenical Temple
  5974 | Temple   | Became a worshipper of Makhleb the Destroyer
  6042 | D:5      | Noticed Menkaure
  6050 | D:5      | Killed Menkaure
  6050 | D:5      | Reached XP level 8. HP: 29/40 MP: 11/17
  6615 | D:6      | Noticed Buane's ghost (novice HaFi)
  6805 | D:7      | Reached skill level 9 in Stealth
  7001 | D:7      | Reached * piety under Makhleb
  7680 | D:8      | Reached XP level 9. HP: 44/44 MP: 20/20
  7802 | D:8      | Reached skill level 5 in Staves
  7802 | D:8      | Reached skill level 10 in Stealth
  8181 | D:8      | Noticed a queen bee
  8195 | D:8      | Reached ** piety under Makhleb
  8386 | D:8      | Killed a queen bee
  8386 | D:8      | Reached skill level 5 in Unarmed Combat
  8707 | D:9      | Noticed an elephant
  8781 | D:9      | Found a staircase to the Lair.
  8849 | D:9      | Reached skill level 11 in Stealth
  9100 | D:9      | Reached XP level 10. HP: 48/48 MP: 23/23
  9123 | D:9      | Reached skill level 1 in Fighting
  9620 | D:9      | Killed an elephant
  9867 | D:10     | Entered Level 10 of the Dungeon
  9904 | D:10     | Found a corrupted altar of Lugonu.
  9944 | D:10     | Noticed a soul eater
  9954 | D:10     | Noticed a soul eater
  9955 | D:10     | Noticed a sixfirhy
  9957 | D:10     | Reached *** piety under Makhleb
  9964 | D:10     | Noticed an orange demon
 10596 | D:11     | Reached XP level 11. HP: 57/57 MP: 23/25
 10878 | D:11     | Found a staircase to the Orcish Mines.
 10879 | D:11     | Found Isunaise's Weapon Shoppe.
 10879 | D:11     | Noticed a hill giant
 10912 | D:11     | Killed a hill giant
 11016 | D:11     | Reached **** piety under Makhleb
 11258 | D:11     | Reached skill level 10 in Spellcasting
 11388 | D:11     | Learned a level 3 spell: Mephitic Cloud
 11391 | D:11     | Learned a level 2 spell: Blink
 11395 | D:11     | Learned a level 3 spell: Spider Form
 11400 | D:11     | Learned a level 4 spell: Ice Form
 11404 | D:11     | Learned a level 3 spell: Conjure Flame
 11409 | D:11     | Learned a level 4 spell: Petrify
 11500 | D:12     | Reached skill level 1 in Translocations
 11512 | D:12     | Reached skill level 1 in Poison Magic
 11545 | D:12     | Noticed a hill giant
 11570 | D:12     | Killed a hill giant
 11570 | D:12     | Reached skill level 1 in Fire Magic
 11656 | D:12     | Reached skill level 1 in Hexes
 11662 | D:12     | Reached skill level 1 in Air Magic
 11662 | D:12     | Reached skill level 1 in Earth Magic
 11698 | D:12     | Reached skill level 1 in Conjurations
 11698 | D:12     | Reached skill level 1 in Ice Magic
 12141 | D:12     | Noticed a hill giant
 12149 | D:12     | Killed a hill giant
 12265 | D:12     | Found Mutuph's Distillery.
 12418 | D:12     | Reached XP level 12. HP: 63/63 MP: 20/27
 12439 | D:12     | Reached skill level 5 in Transmutations
 12737 | D:13     | Noticed a death knight
 12847 | Lair:1   | Entered Level 1 of the Lair of Beasts
 12898 | Lair:1   | Found a labyrinth entrance.
 12907 | Lab      | Entered a labyrinth
 12940 | Lab      | Reached ***** piety under Makhleb
 13339 | Lab      | Noticed a minotaur
 13342 | Lab      | Noticed a tengu warrior
 13350 | Lab      | Identified a +2 rod of shadows (2/12)
 13350 | Lab      | Slain by a minotaur

Skill      XL: |  1  2  3  4  5  6  7  8  9 10 11 12 |
---------------+-------------------------------------+-----
Stealth        | 1 3 4 5 6 7 8 9 11 | 11.0
Spellcasting   | 3 4 5 6 8 9 10 | 10.0
Short Blades   | 1 2 |  2.9
Staves         | 1 3 4 6 7 8 9 |  9.1
Unarmed Combat | 3 4 5 6 7 |  7.6
Fighting       | 3 4 |  4.0
Translocations | 3 |  3.0
Poison Magic   | 1 |  1.0
Fire Magic     | 1 |  1.0
Hexes          | 3 4 |  4.0
Transmutations | 4 5 |  5.5
Air Magic      | 1 |  1.0
Earth Magic    | 1 |  1.0
Conjurations   | 1 |  1.1
Ice Magic      | 1 |  1.0
Dodging        | |  3.4

Action                   |  1- 3 |  4- 6 |  7- 9 | 10-12 || total
-------------------------+-------+-------+-------+-------++-------
Melee: Unarmed           |    14 |       |       |       ||    14
       Kick              |    32 |     6 |     1 |       ||    39
       Dagger            |   185 |   173 |       |     1 ||   359
       Punch             |     1 |     1 |       |       ||     2
       Headbutt          |     6 |     2 |     2 |    14 ||    24
       Quarterstaff      |       |    17 |       |       ||    17
       Lajatang          |       |   194 |   492 |   746 ||  1432
       Bite              |       |     5 |    55 |    88 ||   148
 Cast: Beastly Appendage |    19 |     5 |     2 |     4 ||    30
       Sticks to Snakes  |     4 |     4 |     1 |    25 ||    34
 Abil: Evoke Berserk Rag |       |       |       |     1 ||     1
Evoke: Wand              |       |       |     4 |       ||     4
  Use: Scroll            |     2 |    13 |    12 |     6 ||    33
       Potion            |     1 |     3 |     4 |     3 ||    11
 Stab: Sleeping          |     6 |    13 |     8 |    31 ||    58
       Distracted        |       |     1 |     1 |     7 ||     9
       Confused          |       |       |     4 |       ||     4
  Eat: Fruit             |       |     3 |     2 |     4 ||     9
       Bread ration      |       |       |     1 |       ||     1
       Pizza             |       |       |     1 |       ||     1
       Royal jelly       |       |       |       |     4 ||     4
Armor: Robe              |    17 |     4 |       |       ||    21
       Skin              |    19 |    11 |       |    19 ||    49
       Troll leather arm |       |    40 |    81 |   147 ||   268
Dodge: Dodged            |   142 |   242 |   410 |   482 ||  1276
